 Dungeon Crawl Stone Soup version 0.19-a0-593-gf2cdb02 (webtiles) character file.

4833 Ijustatesigmund the Spear-Bearer (level 10, -5/83 HPs)
             Began as a Merfolk Fighter on June 10, 2016.
             Was a Believer of Cheibriados.
             Slain by an orc warrior
             ... wielding a +0 halberd
              (8 damage)
             ... on level 9 of the Dungeon.
             The game lasted 00:30:26 (9642 turns).

Ijustatesigmund the Spear-Bearer (Merfolk Fighter)  Turns: 9642, Time: 00:30:28

Health: -5/83      AC: -1    Str: 21    XL:     10   Next: 49%
Magic:  15/15      EV: 16    Int: 11    God:    Cheibriados [**....]
Gold:   409        SH: 10    Dex: 21    Spells: 0 memorised, 9 levels left

rFire  . . .     SeeInvis .     B - +3 spear (freeze)
rCold  . . .     Gourm    .     b - +0 scale mail
rNeg   + . .     Faith    .     c - +0 shield
rPois  .         Spirit   .     j - +2 helmet
rElec  .         Dismiss  .     p - +1 cloak
rCorr  .         Reflect  .     l - +2 pair of gloves
SustAt .         Harm     .     (no boots)
MR     .....                    q - amulet of magic regeneration
Stlth  +.........               w - +1 ring of evasion
                                t - ring of positive energy

@: corroded, flying, very slow, not resistant to hostile enchantments, very
unstealthy
A: change form in water, swift swim
a: Bend Time, Renounce Religion


You were on level 9 of the Dungeon.
You worshipped Cheibriados.
Cheibriados was pleased with you.
You were hungry.

You visited 2 branches of the dungeon, and saw 10 of its levels.
You also visited: Ossuary.

You collected 409 gold pieces.

Inventory:

Hand Weapons
 a - a +0 trident
 B - a +3 spear of freezing (weapon)
Armour
 b - a +0 scale mail (worn)
 c - a +0 shield (worn)
 j - a +2 helmet (worn)
 l - a +2 pair of gloves (worn)
 p - a +1 cloak (worn)
Jewellery
 o - an uncursed ring of magical power
 q - an amulet of magic regeneration (around neck)
 t - a ring of positive energy (left hand)
 w - a +1 ring of evasion (right hand)
Wands
 h - a wand of flame (12/48)
 m - a wand of acid (0/15)
 z - a wand of lightning (2/15)
 E - a wand of lightning (3/15)
 F - a wand of confusion (10/48)
Scrolls
 n - 2 scrolls of recharging
 s - 4 scrolls of magic mapping
 v - 2 scrolls of amnesia
 y - 4 scrolls of remove curse
 I - a scroll of fog
Potions
 d - a potion of resistance {unknown}
 e - a potion of mutation
 i - 4 potions of lignification
 r - a potion of magic
 x - a potion of flight
 C - a potion of ambrosia {unknown}
 D - 2 potions of cancellation
 G - 2 potions of curing
Books
 A - a book of the Sky

   Spells                             Type                      Level
   a - Summon Lightning Spire         Summoning/Air                4
   b - Airstrike                      Air                          4
   c - Silence                        Hexes/Air                    5
   d - Deflect Missiles               Charms/Air                   6
   e - Conjure Ball Lightning         Conjuration/Air              6
   f - Tornado                        Air                          9
 H - a book of Summonings

   Spells                             Type                      Level
   a - Recall                         Summoning/Translocation      3
   b - Aura of Abjuration             Summoning                    5
   c - Summon Demon                   Summoning                    5
   d - Summon Forest                  Summoning/Translocation      5
   e - Summon Mana Viper              Hexes/Summoning              5
   f - Shadow Creatures               Summoning                    6
Comestibles
 f - 10 bread rations
 g - 4 meat rations
 k - 5 fruits
 u - 7 beef jerkies


   Skills:
 - Level 9.0 Fighting
 - Level 11.4 Polearms
 - Level 2.1 Armour
 - Level 10.1 Dodging
 + Level 3.0 Stealth
 - Level 3.0 Shields
 + Level 6.8 Invocations


You had 9 spell levels left.
You didn't know any spells.

Dungeon Overview and Level Annotations

Branches:
Dungeon (9/15)             Temple (1/1) D:4
   Lair: D:8-11         Orc: D:9-12

Altars:
Ashenzari
Cheibriados
Dithmenos
Elyvilon
Fedhas
Gozag
Hepliaklqana
Kikubaaqudgha
Makhleb
Nemelex Xobeh
Okawaru
Pakellas
Qazlal
Ru
Sif Muna
Trog
Uskayaw
Vehumet
Xom
Yredelemnul
Zin
The Shining One


Message History

Evoking this partially-identified wand wasted a few charges.
You block the orc warrior's attack.
You fail to use your ability.
The orc warrior hits you from afar with a halberd!
* * * LOW HITPOINT WARNING * * *
It was a potion of flight.
You feel very buoyant.
You fly up into the air.
The orc warrior closely misses you.
Evoke which item? (* to show all) (? for menu, Esc to quit)
Zapping:
E - a wand of lightning (will waste charges)
Press: ? - help, Shift-Dir - straight line, f/p - orc warrior
Aim: an orc warrior, wielding a halberd and wearing a chain mail You hear a mighty clap of thunder!
The bolt of lightning misses the orc.
The bolt of lightning hits the orc warrior.
The orc warrior is moderately wounded.
Evoking this partially-identified wand wasted a few charges.
You hear a bark!
You hear an angry buzzing noise. x3
The orc warrior hits you from afar with a halberd!
You die...

........
..................
.......
..........))...... .....#
#........†)...... .....#
+.).....(........ .....#
#......######+#.. .....#
#......# .....# #.....o#
.....######.....o#
................@########
............####.........
............# #.........
............# #.........
............# #.........
............# #.........
##..........# #.........
############ ##########


You could see an orc warrior and an orc.

Vanquished Creatures
  3 meliai (D:8)
  Prince Ribbit (D:8)
  Eustachio (D:3)
  Menkaure (D:7)
  An ice beast (D:7)
  4 orc warriors
  9 ogres
  A phantom (D:9)
  3 centaurs
  A giant frog (D:9)
  2 wyvern zombies
  2 water moccasin zombies (Ossuary)
  4 scorpions
  10 wights
  2 howler monkeys (D:7)
  A crimson imp (D:5)
  A jelly (D:9)
  A giant frog zombie (D:7)
  2 quasits
  5 hounds
  2 orc priests
  3 centaur skeletons
  3 giant frog skeletons
  An iguana (D:9)
  7 orc wizards
  A worker ant (D:5)
  A big kobold zombie (Ossuary)
  2 hound zombies
  A hound skeleton (D:5)
  3 mummies
  Robin (D:2)
  A gnoll (D:2)
  7 adders
  A shadow imp (D:9)
  2 oozes
  4 adder zombies (Ossuary)
  4 worms
  4 dart slugs
  6 giant geckos
  22 orcs
  4 ball pythons
  7 giant cockroaches
  3 gnoll zombies (Ossuary)
  14 goblins
  11 hobgoblins
  15 jackals
  5 quokkas
  7 bats
  A giant gecko skeleton (D:6)
  3 giant newts
  6 hobgoblin zombies (Ossuary)
  A jackal skeleton (D:4)
  13 kobolds
  A kobold zombie (Ossuary)
  6 orc zombies (Ossuary)
  4 quokka skeletons
  5 rats
237 creatures vanquished.

Vanquished Creatures (others)
  A sky beast (D:5)
  An orc wizard (D:3)
2 creatures vanquished.

Grand Total: 239 creatures vanquished

Notes
Turn   | Place    | Note
--------------------------------------------------------------
     0 | D:1      | Ijustatesigmund the Merfolk Fighter began the quest for the Orb.
     0 | D:1      | Reached XP level 1. HP: 18/18 MP: 1/1
    26 | D:1      | Reached skill level 1 in Dodging
    43 | D:1      | Reached XP level 2. HP: 22/24 MP: 2/2
   260 | D:1      | Reached skill level 4 in Polearms
   287 | D:1      | Reached XP level 3. HP: 21/29 MP: 3/3
   785 | D:2      | Noticed Robin
  1106 | D:2      | Killed Robin
  1106 | D:2      | Reached XP level 4. HP: 10/37 MP: 4/4
  1484 | D:2      | Found an iron altar of Okawaru.
  1587 | D:2      | Reached skill level 5 in Polearms
  1587 | D:2      | Reached XP level 5. HP: 40/42 MP: 5/5
  2198 | D:3      | Reached XP level 6. HP: 42/49 MP: 6/6
  2439 | D:3      | Reached skill level 6 in Polearms
  2841 | D:4      | Reached skill level 5 in Fighting
  2859 | D:4      | Reached skill level 5 in Dodging
  2921 | D:4      | Noticed Eustachio
  3279 | D:4      | Found a bloodstained altar of Trog.
  3385 | D:4      | Reached XP level 7. HP: 56/56 MP: 7/7
  3392 | D:4      | Found a staircase to the Ecumenical Temple.
  3437 | Temple   | Entered the Ecumenical Temple
  4022 | D:4      | Reached skill level 7 in Polearms
  4052 | D:5      | Entered Level 5 of the Dungeon
  4262 | D:5      | Reached skill level 8 in Polearms
  4262 | D:5      | Reached XP level 8. HP: 15/64 MP: 8/8
  5067 | D:3      | Killed Eustachio
  5322 | D:5      | Reached skill level 9 in Polearms
  5797 | D:6      | Found a shimmering altar of Xom.
  5948 | D:6      | Reached XP level 9. HP: 38/72 MP: 9/9
  6220 | D:6      | Reached skill level 10 in Polearms
  6833 | D:7      | Found a shadowy altar of Dithmenos.
  6835 | D:7      | Found a white marble altar of Elyvilon.
  6847 | D:7      | Found a shadowy altar of Dithmenos.
  6885 | D:7      | Noticed Menkaure
  6901 | D:7      | Killed Menkaure
  6985 | D:7      | Found a sand-covered staircase.
  7008 | Ossuary  | Entered an ossuary
  7380 | Ossuary  | Reached skill level 11 in Polearms
  7568 | Temple   | Became a worshipper of Cheibriados the Contemplative
  7845 | D:7      | Reached skill level 1 in Invocations
  7886 | D:7      | Reached skill level 10 in Dodging
  8137 | D:7      | Reached * piety under Cheibriados
  8264 | D:8      | Reached XP level 10. HP: 71/83 MP: 11/11
  8687 | D:8      | Reached skill level 5 in Invocations
  9142 | D:8      | Noticed Prince Ribbit
  9147 | D:8      | Killed Prince Ribbit
  9245 | D:8      | Reached skill level 1 in Stealth
  9603 | D:9      | Reached ** piety under Cheibriados
  9640 | D:9      | HP: 3/83 [orc warrior/halberd (17)]
  9642 | D:9      | Slain by an orc warrior

Vault maps used:
D:1:      shiori_shiawase, serial_bayou_pond_e
D:2:      okawaru_altar_gauntlet_db, uniq_robin
D:3:      first_bread, kennysheep_cross_room
D:4:      minmay_temple_entry_junction, minivault_11, trog_three_pillars_becter,
          uniq_eustachio
D:6:      xom_teletrap_fun
D:7:      grunt_temple_overflow_open, gup_ossuary_entry_pyramid,
          hangedman_abyss_or_decor_stagger, grunt_ogre_cave,
          grunt_dithmenos_smoke, uniq_menkaure
D:8:      minmay_misc_feat_more_columns, uniq_prince_ribbit1
D:9:      lair_0_dummy
Temple:   triangle_lava_temple_19
Ossuary:  ossuary_tomb_2

Skill      XL: |  1  2  3  4  5  6  7  8  9 10 |
---------------+-------------------------------+-----
Dodging        | 1 3 4 5 6 8 10 | 10.1
Polearms       | 4 5 6 8 9 11 | 11.4
Fighting       | 4 5 6 7 9 |  9.0
Invocations    | 2 6 |  6.8
Stealth        | 3 |  3.0
Armour         | |  2.1
Shields        | |  3.0

Action                   |  1- 3 |  4- 6 |  7- 9 | 10-12 || total
-------------------------+-------+-------+-------+-------++-------
Melee: Trident           |   134 |   288 |   396 |       ||   818
       Tailslap          |       |       |     1 |       ||     1
       Spear             |       |       |   352 |   123 ||   475
Invok: Bend Time         |       |       |       |     1 ||     1
Evoke: Wand              |       |       |     1 |     3 ||     4
  Use: Scroll            |     4 |     3 |    10 |     5 ||    22
       Potion            |     1 |     1 |     4 |     5 ||    11
 Stab: Distracted        |       |       |       |     1 ||     1
  Eat: Chunk             |     1 |     5 |    14 |       ||    20
       Beef jerky        |       |     1 |     1 |       ||     2
       Fruit             |       |     1 |     2 |       ||     3
       Pizza             |       |       |       |     1 ||     1
Armor: Scale mail        |    39 |    96 |   242 |    22 ||   399
Dodge: Dodged            |    36 |    63 |   267 |    68 ||   434
Block: Shield            |    51 |   111 |   317 |    50 ||   529
